 Dungeon Crawl Stone Soup version 0.26.1-11-gd32895ea62 (webtiles) character file.

Game seed: 14584505762779604790

145120 growler the Blocker (level 18, -1/143 HPs)
             Began as a Human Venom Mage on June 17, 2021.
             Was a High Priest of Sif Muna.
             Slain by a spriggan rider
             ... wielding a cursed -3 spear
              (13 damage)
             ... on level 1 of the Swamp on June 24, 2021.
             The game lasted 02:20:58 (38903 turns).

growler the Blocker (Human Venom Mage)             Turns: 38903, Time: 02:20:58

Health: -1/143     AC: 14    Str: 10    XL:     18   Next: 3%
Magic:  9/30       EV: 15    Int: 27    God:    Sif Muna [*****.]
Gold:   2179       SH: 13    Dex: 15    Spells: 5/33 levels left

rFire    + . .     SeeInvis .   g - +9 double sword
rCold    . . .     Faith    +   Q - +0 kite shield
rNeg     . . .     Spirit   .   U - +0 troll leather armour
rPois    .         Reflect  .   H - +2 hat
rElec    .         Harm     .   y - +2 cloak {Will+}
rCorr    .         Rampage  .   S - +1 pair of gloves
Will     ++...                  q - +0 pair of boots
Stlth    +.........             T - amulet of faith {!P}
HPRegen  0.73/turn              W - +6 ring of intelligence
MPRegen  0.22/turn              i - ring of protection from fire

@: very slightly contaminated, very slow
A: no striking features
a: Renounce Religion, Channel Magic, Forget Spell, Divine Exegesis


You were on level 1 of the Swamp.
You worshipped Sif Muna.
Sif Muna was extremely pleased with you.
You visited 5 branches of the dungeon, and saw 26 of its levels.
You also visited: Ice Cave.

You collected 2419 gold pieces.
You spent 240 gold pieces at shops.

Inventory:

Hand Weapons
 g - a +9 double sword (weapon)
   (You took it off Urug on level 2 of the Orcish Mines)
Armour
 q - a +0 pair of boots (worn)
   (You found it on level 3 of the Dungeon)
 r - a +1 pair of gloves
   (You found it on level 14 of the Dungeon)
 y - a +2 cloak of willpower (worn)
   (You found it on level 11 of the Dungeon)
 H - a +2 hat (worn)
   (You took it off Gastronok on level 8 of the Dungeon)
 Q - a +0 kite shield (worn)
   (You found it on level 10 of the Dungeon)
 S - a +1 pair of gloves (worn)
   (You found it on level 2 of the Lair of Beasts)
 U - a +0 troll leather armour (worn)
   (You found it on level 10 of the Dungeon)
Jewellery
 e - an uncursed ring of protection from fire
   (You found it on level 5 of the Lair of Beasts)
 i - a ring of protection from fire (right hand)
   (You found it on level 2 of the Dungeon)
 B - an uncursed ring of stealth
   (You found it on level 3 of the Dungeon)
 D - an uncursed amulet of guardian spirit
   (You found it on level 8 of the Dungeon)
 L - the ring "Jeis" {rElec rC+ Will+ Str+4}
   (You found it on level 11 of the Dungeon)

   [ring of protection from cold]

   It affects your strength (+4).
   It protects you from cold.
   It insulates you from electricity.
   It affects your willpower, your defense against some magical effects.
 M - an uncursed ring of resist corrosion
   (You found it on level 8 of the Dungeon)
 N - an uncursed ring of wizardry
   (You found it on level 9 of the Dungeon)
 P - a +4 ring of protection
   (You found it on level 1 of the Lair of Beasts)
 T - an amulet of faith (around neck) {!P}
   (You found it on level 6 of the Lair of Beasts)
 W - a +6 ring of intelligence (left hand)
   (You took it off a hobgoblin on level 1 of the Dungeon)
 X - an uncursed ring of flight
   (You found it on level 4 of the Lair of Beasts)
 Z - an uncursed ring of protection from fire
   (You found it in an ice cave)
Wands
 d - a wand of iceblast (24)
   (You found it on level 9 of the Dungeon)
 n - a wand of enslavement (9)
   (You found it on level 1 of the Lair of Beasts)
 s - a wand of polymorph (9)
   (You found it on level 8 of the Dungeon)
 t - a wand of flame (33)
   (You found it on level 5 of the Dungeon)
 u - a wand of paralysis (12)
   (You found it on level 6 of the Lair of Beasts)
 v - a wand of digging (15)
   (You took it off an orc priest on level 8 of the Dungeon)
 x - a wand of acid (11)
   (You found it on level 7 of the Dungeon)
Scrolls
 a - a scroll of enchant weapon
 b - 6 scrolls of identify {@r1}
 f - 4 scrolls of fog
 h - 5 scrolls of immolation {!r}
 j - 7 scrolls of teleportation {@r4}
 l - a scroll of fear
 o - 4 scrolls of magic mapping
 w - 2 scrolls of blinking
 A - 6 scrolls of amnesia
 E - 5 scrolls of enchant armour
 K - 3 scrolls of holy word
 O - 12 scrolls of remove curse {@r2}
Potions
 c - 6 potions of attraction {!q}
 k - a potion of cancellation
 m - a potion of magic {unknown}
 p - 7 potions of heal wounds {@q2}
 z - a potion of invisibility
 C - 2 potions of might
 F - a potion of resistance {unknown}
 G - 10 potions of curing {@q1}
 J - 3 potions of brilliance
 V - 3 potions of berserk rage
 Y - 4 potions of lignification {!q}
Miscellaneous
 R - a phantom mirror
   (You found it on level 11 of the Dungeon)


   Skills:
 - Level 13.0 Fighting
 - Level 7.1 Armour
 - Level 6.0 Dodging
 - Level 2.0 Stealth
 + Level 14.7 Shields
 - Level 8.0 Spellcasting
 - Level 4.0 Conjurations
 - Level 13.0 Transmutations
 + Level 4.5 Earth Magic
 - Level 13.0 Poison Magic


You had 5 spell levels left.
You knew the following spells:

 Your Spells              Type           Power        Failure   Level
a - Sting                 Tmut/Pois      100%         1%          1
b - Ignite Poison         Fire/Tmut/Pois 55%          1%          3
c - Eringya's Noxious Bo  Tmut/Pois      34%          4%          6
d - Irradiate             Conj/Tmut      27%          6%          5
e - Petrify               Tmut/Erth      55%          1%          4
f - Mephitic Cloud        Conj/Pois/Air  41%          1%          3
x - Poisonous Vapours     Pois/Air       90%          1%          2
y - Olgreb's Toxic Radia  Pois           69%          1%          4

Your spell library contained the following spells:

 Spells                   Type           Power        Failure   Level
 Beastly Appendage        Tmut           100%         1%          1
 Magic Dart               Conj           100%         1%          1
 Sandblast                Erth           70%          1%          1
 Passwall                 Tmut/Erth      45%          1%          2
 Searing Ray              Conj           64%          1%          2
 Wereblood                Tmut           69%          1%          2
 Spider Form              Tmut/Pois      34%          1%          3
 Alistair's Intoxication  Tmut/Pois      46%          1%          5
 Blade Hands              Tmut           34%          1%          5
 Stone Arrow              Conj/Erth      66%          3%          3
 Ice Form                 Ice/Tmut       45%          4%          4
 Animate Skeleton         Necr           20%          7%          1
 Apportation              Tloc           20%          7%          1
 Corona                   Hex            11%          7%          1
 Summon Small Mammal      Summ           40%          7%          1
 Conjure Flame            Conj/Fire      21%          9%          3
 Dazzling Flash           Conj/Hex       42%          9%          3
 Blink                    Tloc           N/A          11%         2
 Call Imp                 Summ           10%          11%         2
 Corpse Rot               Necr/Air       N/A          11%         2
 Ensorcelled Hibernation  Hex/Ice        20%          11%         2
 Slow                     Hex            10%          11%         2
 Sublimation of Blood     Necr           5%           11%         2
 Yara's Violent Unravell  Hex/Tmut       22%          13%         5
 Confusing Touch          Hex            10%          21%         3
 Gell's Gravitas          Tloc           5%           21%         3
 Inner Flame              Hex/Fire       10%          21%         3
 Ozocubu's Armour         Ice            10%          21%         3
 Portal Projectile        Hex/Tloc       20%          21%         3
 Summon Guardian Golem    Hex/Summ       10%          21%         3
 Teleport Other           Tloc           10%          21%         3
 Tukima's Dance           Hex            10%          21%         3
 Vampiric Draining        Necr           5%           21%         3
 Leda's Liquefaction      Hex/Erth       11%          26%         4
 Fulminant Prism          Conj/Hex       10%          30%         4
 Iskenderun's Mystic Bla  Conj/Tloc      21%          30%         4
 Lee's Rapid Deconstruct  Erth           17%          30%         5
 Animate Dead             Necr           5%           56%         4
 Passage of Golubria      Tloc           N/A          56%         4
 Borgnjor's Vile Clutch   Necr/Erth      11%          58%         5
 Agony                    Necr           10%          88%         5
 Excruciating Wounds      Necr           5%           88%         5
 Metabolic Englaciation   Hex/Ice        5%           88%         5
 Silence                  Hex/Air        5%           88%         5
 Summon Mana Viper        Hex/Summ       10%          88%         5
 Statue Form              Tmut/Erth      36%          28%         6
 Dragon Form              Tmut           34%          28%         7
 Freezing Cloud           Conj/Ice/Air   8%           99%         6
 Death Channel            Necr           5%           100%        6
 Invisibility             Hex            10%          100%        6
 Simulacrum               Ice/Necr       5%           100%        6
 Summon Greater Demon     Summ           5%           100%        7
 Necromutation            Tmut/Necr      22%          100%        8
 Dragon's Call            Summ           5%           100%        9
 Shatter                  Erth           17%          100%        9


Dungeon Overview and Level Annotations

Branches:
Dungeon (15/15)            Temple (1/1) D:4            Lair (6/6) D:9
  Swamp (2/4) Lair:3        Snake (0/4) Lair:3        Slime (0/5) Lair:5
    Orc (2/2) D:9             Elf (0/3) Orc:2        Vaults (0/5) D:14
 Depths (0/5) D:15          IceCv (visited)

Altars:
Ashenzari
Cheibriados
Dithmenos
Elyvilon
Fedhas
Gozag
Hepliaklqana
Makhleb
Nemelex Xobeh
Okawaru
Qazlal
Ru
Sif Muna
Vehumet
Wu Jian
Xom
Yredelemnul
Zin
The Shining One
Beogh
Jiyva

Shops:
D:4 ?   Orc:1 *   Orc:2 ([}*:(=(?

Portals:
Abyss: Lair:6
Trove: D:12 (give 17 potions of curing)

Annotations:
D:8 2 transporters, vvl's ghost, novice DrFi
D:10 2 runed translucent doors, exclusion: ice statue
D:13 1 runed translucent door
Lair:2 exclusion: 2 oklob plants
Lair:6 2 transporters, Tirrikindir's ghost, journeyman MiBe


Message History

You have reached level 18!
Your experience leads to an increase in your attributes!
Your base attributes are Str 9, Int 21, Dex 15.
Increase (S)trength, (I)ntelligence, or (D)exterity?
You feel stronger.
The seven-headed hydra barely misses you.
The seven-headed hydra bites you!
* * * LOW HITPOINT WARNING * * *
You block the seven-headed hydra's attack.
The seven-headed hydra barely misses you.
The seven-headed hydra bites you.
* * * LOW HITPOINT WARNING * * *
The seven-headed hydra completely misses you.
You block the seven-headed hydra's attack.
The spriggan rider hits you with a cursed -3 spear!
* * * LOW HITPOINT WARNING * * *
You climb upwards.
There is a stone staircase leading down here.
Blink to where?
As you read the scroll of blinking, it crumbles to dust.
You feel much better.
The ball explodes into a vile cloud!
The stinking cloud engulfs the seven-headed hydra but does no damage.
The spriggan rider is engulfed in noxious fumes.
You ignite the poison in your surroundings!
The seven-headed hydra is engulfed in blazing flames.
You erupt in a fountain of uncontrolled magic!
The seven-headed hydra is blasted with magical radiation!!!
The seven-headed hydra twists and deforms.
You are very lightly contaminated with residual magic.
The seven-headed hydra is engulfed in blazing flames.
You block the seven-headed hydra's attack.
The seven-headed hydra bites you but does no damage.
The seven-headed hydra bites you!
* * * LOW HITPOINT WARNING * * *
The seven-headed hydra bites you!
* * * LOW HITPOINT WARNING * * *
The seven-headed hydra bites you!
* * * LOW HITPOINT WARNING * * *
You block the seven-headed hydra's attack.
The seven-headed hydra bites you.
* * * LOW HITPOINT WARNING * * *
You erupt in a fountain of uncontrolled magic!
The seven-headed hydra is blasted with magical radiation!!!
You kill the seven-headed hydra!
Sif Muna accepts your kill.
You enter the shallow water.
Moving in this stuff is going to be slow.
The spriggan rider hits you from afar with a cursed -3 spear!
You die...

[......♣.♣♣ ♣♣.♣.≈........#....
≈...♣♣♣♣..♣♣♣♣♣.≈≈.....##...##...
..(♣♣ ♣♣.i.♣♣..≈≈.≈♣...#.......♣
§.♣♣ ♣♣.§...>..♣♣§♣♣♣......#...♣
.♣♣ ♣♣.≈.♣♣..°.♣♣♣♣ ♣♣.....†.≈..
♣♣ ♣♣.≈≈.♣♣♣♣☼...♣♣♣♣..≈.†<.≈♣..
♣ ♣.≈≈≈♣♣ ♣☼♣i.≈...≈...♣♣÷....
♣♣♣♣♣♣..♣♣ ♣♣≈..≈≈≈≈....♣♣♣♣..≈≈
♣..♣♣♣..♣♣ ♣.≈♣@≈≈≈≈.≈≈♣♣ ♣♣.§≈
≈...♣.≈≈.♣ ♣.≈...≈≈♣≈≈♣♣ ♣..≈
♣≈....≈≈≈♣♣♣♣...♣.≈§♣≈≈♣ ♣♣.♣
#≈.♣.§≈≈≈.♣♣.≈≈♣♣.§§...♣ ♣≈≈
#.♣......≈♣♣♣≈≈♣♣(.≈≈≈.♣ ♣♣♣ ♣..
♣.♣.♣♣.♣≈≈.♣♣.♣♣♣.≈≈≈≈.♣♣♣♣.♣♣♣♣≈
..≈♣♣♣..≈≈≈♣♣≈≈≈≈.≈≈≈≈....≈♣≈≈≈≈.
≈.≈♣♣♣♣.§≈.♣♣.≈♣.≈≈♣≈♣≈≈.≈≈♣♣♣.≈≈
≈≈≈≈♣ ♣....♣..≈..≈≈≈≈≈≈≈≈≈.≈.≈.≈≈


You could see a spriggan rider.

Vanquished Creatures
  Rupert (D:13)
  Gastronok (D:8)
  Kirke (Lair:4)
  A thorn hunter (Swamp:1)
  A fire giant (D:15)
  A frost giant (IceCv)
  3 bunyips (Swamp:1)
  3 dire elephants (Lair:6)
  Snorg (Lair:5)
  Josephine (D:12)
  Fannar (Lair:3)
  2 vault guards (D:14)
  17 hydras
  2 boulder beetles
  An alligator (Swamp:1)
  7 centaur warriors
  An anaconda (Lair:6)
  Erica (Lair:1)
  4 two-headed ogres
  6 death yaks
  Urug (Orc:2)
  3 orc high priests (Orc:2)
  2 tengu warriors
  Nergalle (D:11)
  2 spriggan druids
  A glowing orange brain (D:11)
  Pikel (D:7)
  4 orc knights (Orc:2)
  2 swamp dragons
  A deep elf mage (D:15)
  A necromancer (D:14)
  4 orc sorcerers (Orc:2)
  A manticore (D:15)
  A will-o-the-wisp (Swamp:1)
  2 ugly things
  5 cyclopes
  2 black mambas
  Psyche (D:9)
  Maurice (D:8)
  3 centaur zombies (D:14)
  13 elephants
  A gargoyle (D:11)
  2 torpor snails
  9 cane toads
  A tengu conjurer (D:15)
  A rime drake (IceCv)
  8 komodo dragons
  A yaktaur (shapeshifter) (D:14)
  6 kobold demonologists
  A bloated husk (Swamp:1)
  6 trolls
  A harpy zombie (D:15)
  13 polar bears
  A tyrant leech (Swamp:1)
  3 hornets
  A meliai zombie (D:13)
  Prince Ribbit (D:8)
  16 blink frogs
  10 dream sheep
  A centaur simulacrum (D:15)
  3 shadows
  2 spriggans
  7 wraiths
  4 wyverns
  3 basilisks
  2 water elementals (D:14)
  50 yaks
  A yak (shapeshifter) (D:11)
  4 hogs
  20 humans (D:14)
  A vampire mosquito (D:10)
  A soldier ant (D:12)
  A warg (Orc:1)
  4 nagas (Lair:3)
  4 swamp worms (Swamp:1)
  9 water moccasins
  A two-headed ogre zombie (D:9)
  2 acid dragons (D:12)
  4 sky beasts
  2 phantoms
  7 ice beasts
  3 black bears
  24 orc warriors
  An eye of draining (D:12)
  8 ogres
  A hornet zombie (D:15)
  2 swamp drakes (Swamp:1)
  3 necrophages
  18 wolves
  11 centaurs
  A lemure (D:7)
  6 big kobolds
  17 bullfrogs
  A wyvern skeleton (D:15)
  3 jellies
  4 scorpions
  4 troll zombies (D:9)
  6 killer bees
  4 howler monkeys
  8 wights
  7 electric eels
  A spectral bullfrog (D:13)
  5 bullfrog zombies
  10 hounds
  3 bullfrog skeletons
  A gnoll shaman (D:10)
  14 orc priests
  3 centaur skeletons
  4 iguanas
  20 orc wizards
  17 worker ants
  3 ogre zombies (D:9)
  A hound zombie (D:11)
  2 hound skeletons
  A worker ant zombie (D:10)
  A howler monkey zombie (D:8)
  12 adders
  5 gnolls
  A shadow imp (D:7)
  A white imp (D:9)
  5 ufetubi
  2 oozes
  5 worms
  3 dart slugs
  11 leopard geckos
  85 orcs
  4 giant cockroaches
  10 goblins
  7 hobgoblins
  19 jackals
  17 kobolds
  7 quokkas
  A ball python (D:5)
  8 bats
  6 frilled lizards
  A goblin skeleton (D:9)
  2 goblin zombies (D:9)
  4 hobgoblin zombies (D:9)
  A leopard gecko skeleton (D:4)
  A leopard gecko zombie (D:8)
  2 orc skeletons (D:9)
  16 orc zombies (D:9)
  A quokka skeleton (D:5)
  8 rats
786 creatures vanquished.

Vanquished Creatures (collateral kills)
  A black mamba (Lair:6)
  A sky beast (D:10)
2 creatures vanquished.

Vanquished Creatures (others)
  2 polar bears (IceCv)
  A bloated husk (Swamp:1)
  A water elemental (D:14)
  3 humans (Lair:5)
  A centaur (D:14)
  6 foxfires
  31 fungi
  67 plants
112 creatures vanquished.

Grand Total: 900 creatures vanquished

Notes
Turn   | Place    | Note
-------+----------+-------------------------------------------
     0 | D:1      | growler the Human Venom Mage began the quest for the Orb.
     0 | D:1      | Reached XP level 1. HP: 13/13 MP: 3/3
   286 | D:1      | Reached XP level 2. HP: 15/19 MP: 3/5
   471 | D:1      | Reached XP level 3. HP: 6/24 MP: 1/6
   690 | D:1      | Learned a level 2 spell: Poisonous Vapours
  1431 | D:1      | Reached XP level 4. HP: 30/30 MP: 6/8
  2261 | D:2      | Reached XP level 5. HP: 24/35 MP: 7/10
  2910 | D:2      | Found a blossoming altar of Fedhas.
  3925 | D:3      | Reached XP level 6. HP: 41/41 MP: 9/11
  3964 | D:3      | Learned a level 3 spell: Ignite Poison
  3968 | D:3      | Learned a level 3 spell: Mephitic Cloud
  3973 | D:3      | Learned a level 4 spell: Olgreb's Toxic Radiance
  4350 | D:3      | Reached skill level 5 in Poison Magic
  4826 | D:4      | Noticed an ogre
  4856 | D:4      | Killed an ogre
  5366 | D:4      | Found Jitagugh's Magic Scroll Boutique.
  5457 | D:4      | Reached XP level 7. HP: 18/46 MP: 5/14
  6187 | D:4      | Reached skill level 5 in Spellcasting
  6501 | D:4      | Found a stormy altar of Qazlal.
  6599 | D:4      | Found a staircase to the Ecumenical Temple.
  6621 | Temple   | Entered the Ecumenical Temple
  6626 | Temple   | Became a worshipper of Sif Muna the Loreminder
  6863 | D:5      | Entered Level 5 of the Dungeon
  7027 | D:5      | Reached XP level 8. HP: 51/52 MP: 9/15
  7286 | D:5      | Found a shadowy altar of Dithmenos.
  7292 | D:5      | Got a fine flail
  7293 | D:5      | Identified the +5 flail "Fonecs" {drain, +Inv rElec Str+2}
                  | (You found it on level 5 of the Dungeon)
  7322 | D:5      | Found a white marble altar of Elyvilon.
  7324 | D:5      | Found an iron altar of Okawaru.
  8974 | D:6      | Reached * piety under Sif Muna
  9104 | D:6      | Found a glowing golden altar of the Shining One.
  9164 | D:6      | Reached XP level 9. HP: 50/57 MP: 16/16
  9217 | D:6      | Found a stormy altar of Qazlal.
  9567 | D:6      | Reached skill level 5 in Transmutations
  9974 | D:7      | Noticed Pikel
  9978 | D:7      | Killed Pikel
 10129 | D:7      | Reached skill level 10 in Poison Magic
 10532 | D:7      | Found a stormy altar of Qazlal.
 10811 | D:8      | Noticed Gastronok
 10930 | D:8      | Killed Gastronok
 10931 | D:8      | Reached XP level 10. HP: 33/63 MP: 2/17
 11150 | D:8      | Noticed Maurice
 11154 | D:8      | Killed Maurice
 11694 | D:8      | Noticed Prince Ribbit
 11702 | D:8      | Killed Prince Ribbit
 12152 | D:8      | Found a transporter.
 12152 | D:8      | Noticed vvl's ghost (novice DrFi)
 12164 | D:8      | Noticed a moth of wrath
 12298 | D:8      | Found a transporter.
 12570 | D:9      | Noticed Psyche
 12575 | D:9      | Killed Psyche
 12576 | D:9      | Reached XP level 11. HP: 65/68 MP: 10/20
 12893 | D:9      | Reached ** piety under Sif Muna
 13118 | D:9      | Found an opulent altar of Gozag.
 13173 | D:9      | Found a glowing silver altar of Zin.
 13598 | D:9      | Reached skill level 5 in Dodging
 14653 | D:9      | Found a staircase to the Orcish Mines.
 14729 | D:9      | Found a staircase to the Lair.
 15277 | D:10     | Entered Level 10 of the Dungeon
 15277 | D:10     | Noticed Sonja
 15278 | D:10     | Noticed Sonja
 15278 | D:10     | Sonja changed into Sonja the hog
 15282 | D:10     | Killed Sonja the hog
 15436 | D:10     | Reached *** piety under Sif Muna
 15565 | D:10     | Reached skill level 1 in Shields
 15677 | D:10     | Found a broken altar of Ashenzari.
 15856 | D:10     | Reached skill level 2 in Shields
 16288 | D:10     | Noticed a centaur warrior
 16291 | D:10     | Found a large runed translucent door.
 16291 | D:10     | Found a large runed translucent door.
 16293 | D:10     | Found a large runed translucent door.
 16293 | D:10     | Found a large runed translucent door.
 16348 | D:10     | Noticed a two-headed ogre
 16366 | D:10     | Killed a two-headed ogre
 16367 | D:10     | Reached skill level 3 in Shields
 17216 | D:10     | Identified the cursed +0 mace of Corporal Punishment {holy,
                  | Str+3 Dex+2 Stlth+}
 17595 | D:10     | Killed a centaur warrior
 17596 | D:10     | Reached skill level 4 in Shields
 17596 | D:10     | Reached XP level 12. HP: 51/74 MP: 5/24
 17707 | D:10     | Reached skill level 8 in Shields
 17707 | D:10     | Reached XP level 13. HP: 93/93 MP: 25/25
 17719 | D:11     | Noticed a centaur warrior
 17719 | D:11     | Noticed a centaur warrior
 17822 | Lair:1   | Entered Level 1 of the Lair of Beasts
 17881 | Lair:1   | Noticed an eight-headed hydra
 17895 | Lair:1   | Killed an eight-headed hydra
 17896 | Lair:1   | Reached skill level 1 in Conjurations
 18244 | Lair:1   | Noticed a four-headed hydra
 18264 | Lair:1   | Killed a four-headed hydra
 18391 | Lair:1   | Noticed Erica
 18405 | Lair:1   | Killed Erica
 18547 | Lair:1   | Reached skill level 9 in Shields
 19002 | Lair:2   | Reached **** piety under Sif Muna
 19600 | Lair:2   | Noticed a four-headed hydra
 19607 | Lair:2   | Killed a four-headed hydra
 19635 | Lair:2   | Reached skill level 10 in Shields
 19659 | Lair:2   | Reached skill level 1 in Armour
 21160 | Lair:3   | Found a staircase to the Snake Pit.
 21909 | Lair:3   | Found a staircase to the Swamp.
 22112 | Lair:3   | Noticed Fannar
 22133 | Lair:3   | Killed Fannar
 22448 | Lair:3   | Reached XP level 14. HP: 106/106 MP: 17/26
 23060 | Lair:4   | Reached skill level 5 in Armour
 23854 | Lair:5   | Noticed Kirke
 24181 | Lair:4   | Killed Kirke
 24459 | Lair:5   | Found a viscous altar of Jiyva.
 24460 | Lair:5   | Found a staircase to the Slime Pits.
 24468 | Lair:5   | Found a frozen archway.
 24485 | IceCv    | Entered an ice cave
 24586 | IceCv    | Reached skill level 10 in Fighting
 25362 | IceCv    | Noticed a frost giant
 25366 | IceCv    | Reached ***** piety under Sif Muna
 25367 | IceCv    | Received a gift from Sif Muna
 25369 | IceCv    | Killed a frost giant
 25500 | IceCv    | Identified the Incunabulum of Harmful Transformation
 26088 | Lair:5   | Noticed Snorg
 26098 | Lair:5   | Killed Snorg
 26207 | Lair:5   | Reached skill level 11 in Shields
 26487 | Lair:5   | Reached XP level 15. HP: 119/119 MP: 27/27
 26495 | Lair:5   | Learned a level 6 spell: Eringya's Noxious Bog
 26496 | Lair:6   | Entered Level 6 of the Lair of Beasts
 26516 | Lair:6   | Identified the +10 rapier of Kousit {distort, rN+}
 26593 | Lair:6   | Found a one-way gate to the infinite horrors of the Abyss.
 26593 | Lair:6   | Noticed Tirrikindir's ghost (journeyman MiBe)
 27046 | Lair:6   | Reached XP level 16. HP: 106/126 MP: 17/28
 27527 | Lair:6   | Found a transporter.
 27547 | Lair:6   | Found a transporter.
 27612 | Lair:6   | Identified the cursed +1 hand crossbow of Conscience {elec,
                  | rElec Will- Str+3 Dex+7}
 28370 | Lair:6   | Identified the Tome of the Frigorific Rocks
 28791 | Orc:1    | Entered Level 1 of the Orcish Mines
 28791 | Orc:1    | Found Jioh's Assorted Antiques.
 28826 | Orc:1    | Reached skill level 10 in Transmutations
 28957 | Orc:2    | Entered Level 2 of the Orcish Mines
 29012 | Orc:2    | Found a staircase to the Elven Halls.
 29013 | Orc:2    | Found Gadastri's Weapon Shoppe.
 29016 | Orc:2    | Identified Sif Muna's Volume of Supportive Stolen Souls
                  | (Sif Muna gifted it to you on level 2 of the Orcish Mines)
 29016 | Orc:2    | Received a gift from Sif Muna
 29072 | Orc:2    | Found a roughly hewn altar of Beogh.
 29095 | Orc:2    | Learned a level 5 spell: Irradiate
 29228 | Orc:2    | Found Foimmilaa's Antique Weapon Emporium.
 29241 | Orc:2    | Reached skill level 12 in Shields
 29247 | Orc:2    | Noticed Urug
 29257 | Orc:2    | Killed Urug
 29479 | Orc:2    | Found Neluowe's Magic Scroll Boutique.
 29581 | Orc:2    | Found Cunumo's Book Shoppe.
 29654 | Orc:2    | Found Qaguchit's Gadget Shop.
 29654 | Orc:2    | Found Kelicib's General Store.
 29656 | Orc:2    | Found Duyxkydi's Weapon Shop.
 29656 | Orc:2    | Found Boqaire's Antique Armour Shoppe.
 29942 | Orc:2    | Found Wuoraq Afoi's Jewellery Emporium.
 30030 | Orc:2    | Bought an embroidered cloak for 240 gold pieces
 30659 | D:11     | Got a sparkling pewter ring
 30661 | D:11     | Identified the ring "Jeis" {rElec rC+ Will+ Str+4} (You
                  | found it on level 11 of the Dungeon)
 30756 | D:11     | Identified Sif Muna's Wizardry, Part Three (Sif Muna gifted
                  | it to you on level 11 of the Dungeon)
 30756 | D:11     | Received a gift from Sif Muna
 30836 | D:11     | Noticed Nergalle
 30848 | D:11     | Killed Nergalle
 31355 | D:11     | Found a shadowy altar of Dithmenos.
 32403 | D:12     | Noticed Josephine
 32414 | D:12     | Killed Josephine
 32747 | D:12     | Found a portal to a secret trove of treasure.
 33099 | D:13     | Identified Xiciedo's Handbook of the Evil Mountains (Sif
                  | Muna gifted it to you on level 13 of the Dungeon)
 33099 | D:13     | Received a gift from Sif Muna
 33158 | D:13     | Reached XP level 17. HP: 98/133 MP: 22/29
 33591 | D:13     | Reached skill level 13 in Shields
 33922 | D:13     | Noticed Rupert
 33944 | D:13     | Killed Rupert
 34086 | D:13     | Found a runed translucent door.
 34088 | D:13     | Noticed a sphinx
 34088 | D:13     | Noticed a storm dragon
 35183 | D:14     | Identified Sif Muna's Handbook of Spatial Transmigration
                  | (Sif Muna gifted it to you on level 14 of the Dungeon)
 35183 | D:14     | Received a gift from Sif Muna
 35223 | D:14     | Found a gate to the Vaults.
 35769 | D:15     | Entered Level 15 of the Dungeon
 35983 | D:15     | Reached skill level 14 in Shields
 36069 | D:15     | Found a staircase to the Depths.
 36760 | D:15     | Learned a level 4 spell: Petrify
 37026 | Swamp:1  | Entered Level 1 of the Swamp
 37029 | Swamp:1  | Noticed a thorn hunter
 37141 | Swamp:1  | Killed a thorn hunter
 37142 | Swamp:1  | Reached skill level 1 in Earth Magic
 38151 | Swamp:1  | Identified Sif Muna's Almanac of Bewitching Stones (Sif
                  | Muna gifted it to you on level 1 of the Swamp)
 38151 | Swamp:1  | Received a gift from Sif Muna
 38889 | Swamp:2  | Noticed a thorn hunter
 38894 | Swamp:2  | Reached XP level 18. HP: 27/143 MP: 23/30
 38894 | Swamp:2  | HP: 7/143 [spriggan rider/cursed -3 spear (8)]
 38903 | Swamp:1  | Slain by a spriggan rider

Illustrated notes

Levels and vault maps discovered:
D:1:      minmay_arrival_hallway, layout_rooms
D:2:      kennysheep_big_flooded_room, layout_loops_ring, fedhas_altar_3,
          chequers_serial_rivers_micro_c
D:3:      layout_loops_ring
D:4:      layout_basic, minmay_temple_entry_offerings, serial_shops, shop,
          grunt_qazlal_sundering
D:5:      layout_basic, overflow_temple_1_default,
          nicolae_overflow_hidden_temple
D:6:      layout_basic, lemuel_crystal_altar, basic_altar,
          hangedman_decor_opposing
D:7:      layout_cave_pools, lemuel_doored_altar, serial_column_ruins,
          column_ruins_circle_small, column_ruins_grid_1, column_ruins_grid_1,
          column_ruins_grid_1, column_ruins_corridor_dead_end,
          column_ruins_open_small, column_ruins_open_small,
          column_ruins_corridor_corner, uniq_pikel
D:8:      layout_cave_pods, gammafunk_ghost_berserking_beasts,
          serial_bayou_pond_b, uniq_prince_ribbit1, uniq_gastronok, uniq_maurice
D:9:      layout_basic, pdpol_temple_overflow_zin_treasury_gozag_greed,
          lair_entry_dummy, zombieorc2_lemuel, minmay_unpleasant_kobolds,
          uniq_psyche
D:10:     cheibrodos_frozen_isle, layout_layer_cave, basic_altar,
          grunt_ministairs_14, minmay_hollow_rounded_squares, uniq_sonja
D:11:     minmay_ambush_box, layout_basic, grunt_dithmenos_smoke_and_mirrors,
          uniq_nergalle
D:12:     layout_irregular_city, enter_trove_6, uniq_josephine
D:13:     minmay_gate_of_8, layout_long_grid, hangedman_weighted_door,
          uniq_rupert
D:14:     layout_basic, grunt_vaults_entry_tiered, minivault_14
D:15:     grunt_enter_depths_giant_problem, layout_long_grid,
          serial_park_avenue1
Temple:   minmay_freezing_vapour_temple
Lair:1:   layout_long_grid, uniq_erica
Lair:2:   layout_regular_city, minmay_lair_oklob_chamber
Lair:3:   layout_small_grid, swamp_mist_pool, guppyfry_snake_entry_island,
          grunt_megastairs_4, infiniplex_staircase_pool_2, uniq_fannar
Lair:4:   layout_hall_layers, serial_bayou_ford_a
Lair:5:   layout_roguey, slime_altar_1, portal_ice_cave_entry_pillars_1,
          nicolae_quartered_pool_little, lemuel_fruit_tree,
          infiniplex_staircase_pool, grunt_megastairs_3, uniq_kirke, uniq_snorg
Lair:6:   due_jungle_book, layout_regular_city, gammafunk_ghost_abyssal_escape
Swamp:1:  layout_falls_marsh, serial_swamp_ruin, evilmike_swamp_ruin_rubble_1,
          evilmike_swamp_ruin_house_5, st_swamp_ruins_1
Swamp:2:  layout_falls_marsh, nicolae_swamp_trees_clearing, swamp_pool1,
          uniq_jorgrun
Orc:1:    layout_caves, serial_shops, shop
Orc:2:    grunt_orc_tribal_feast, layout_diamond_mine, serial_shops, shop,
          nicolae_shop_behind_doors, shop_fountains, nicolae_shop_stone,
          shop_fountains, basic_altar, uniq_urug

Skill      XL: |  1  2  3  4  5  6  7  8  9 10 11 12 13 14 15 16 17 |
---------------+----------------------------------------------------+-----
Spellcasting   | 3 4 5 6 8 |  8.0
Poison Magic   | 4 5 7 8 12 13 | 13.0
Transmutations | 4 6 8 9 11 13 | 13.0
Dodging        | 4 6 |  6.0
Shields        | 4 8 10 11 12 14 | 14.7
Fighting       | 6 8 11 13 | 13.0
Conjurations   | 4 |  4.0
Armour         | 4 7 |  7.1
Earth Magic    | 4 |  4.5
Stealth        | |  2.0

Action                   |  1- 3 |  4- 6 |  7- 9 | 10-12 | 13-15 | 16-18 || total
-------------------------+-------+-------+-------+-------+-------+-------++-------
Melee: Unarmed           |     5 |       |       |       |    11 |       ||    16
       Short sword       |    12 |       |       |       |       |       ||    12
       Dagger            |    54 |   138 |    17 |       |       |       ||   209
       Flail             |       |       |    73 |   149 |   228 |    50 ||   500
       Staff             |       |       |       |     4 |       |       ||     4
       Double sword      |       |       |       |       |       |   442 ||   442
 Cast: Sting             |    37 |   126 |   110 |    15 |     8 |     6 ||   302
       Poisonous Vapours |       |     1 |    24 |     5 |       |       ||    30
       Ignite Poison     |       |     2 |    18 |    32 |    56 |    79 ||   187
       Olgreb's Toxic Ra |       |       |    13 |    40 |    70 |   112 ||   235
       Mephitic Cloud    |       |       |       |    25 |    31 |    21 ||    77
       Irradiate         |       |       |       |       |       |    32 ||    32
Evoke: Wand              |       |       |     1 |     8 |     8 |     1 ||    18
  Use: Scroll            |       |       |       |    20 |     5 |    11 ||    36
       Potion            |       |       |       |     1 |     1 |     2 ||     4
 Stab: Sleeping          |       |     4 |     2 |     1 |       |     3 ||    10
       Confused          |       |       |       |     2 |       |       ||     2
       Distracted        |       |       |       |     1 |       |       ||     1
Armor: Robe              |    21 |    38 |    27 |    55 |    16 |       ||   157
       Ring mail         |       |       |       |       |    83 |       ||    83
       Troll leather arm |       |       |       |       |    47 |   250 ||   297
Dodge: Dodged            |    60 |   138 |    89 |   158 |   243 |   451 ||  1139
Block: Buckler           |       |       |       |    36 |       |       ||    36
       Kite shield       |       |       |       |       |   258 |   539 ||   797
       Rpst.: Double sword |       |       |       |       |       |    85 ||    85
